 Dungeon Crawl Stone Soup version 0.29.1-15-g9cfb28693d (webtiles) character file.

Game seed: 15951363352896923461

15 GeoRichter the Sneak (level 2, 5/16 HPs)
             Began as a Kobold Arcane Marksman on Feb 28, 2023.
             Quit the game on level 2 of the Dungeon.
             The game lasted 00:01:11 (995 turns).

GeoRichter the Sneak (Kobold Arcane Marksman)        Turns: 995, Time: 00:01:11

Health: 5/16       AC:  2    Str:  7    XL:     2   Next: 65%
Magic:  3/3        EV: 15    Int: 14    God:
Gold:   133        SH:  0    Dex: 15    Spells: 2/3 levels left

rFire   . . .      SeeInvis .   a - +1 sling
rCold   . . .      Faith    .   (no shield)
rNeg    . . .      Spirit   .   c - +0 robe
rPois   .          Reflect  .   (no helmet)
rElec   .          Harm     .   (no cloak)
rCorr   .          Rampage  .   (no gloves)
Will    .....                   (no boots)
Stlth   +++.......              (no amulet)
HPRegen 0.05/turn               (no ring)
MPRegen 0.08/turn               (no ring)

@: lethally poisoned (5 -> -3), flying
A: small, no large weapons, nightstalker 3
a: no special abilities


You were on level 2 of the Dungeon.
You visited 1 branch of the dungeon, and saw 2 of its levels.

You collected 133 gold pieces.

Inventory:

Hand Weapons
 a - a +1 sling (weapon)
 g - a +0 dagger
   (You took it off a goblin on level 1 of the Dungeon)
Armour
 c - a +0 robe (worn)
Scrolls
 b - a scroll of poison {!r}
 d - a scroll of noise {unknown}
 f - a scroll of identify {unknown}


   Skills:
 - Level 1.1 Fighting
 - Level 2.6 Ranged Weapons
 - Level 2.4 Dodging
 + Level 3.1 Stealth
 - Level 1.1 Spellcasting
 - Level 3.0 Hexes


You had 2 spell levels left.
You knew the following spells:

 Your Spells              Type           Power      Damage    Failure   Level
a - Slow                  Hex            36%        N/A       8%          1

Your spell library contained the following spells:

 Spells                   Type           Power      Damage    Failure   Level
 Inner Flame              Hex/Fire       4%         N/A       38%         3
 Portal Projectile        Hex/Tloc       8%         N/A       38%         3
 Cause Fear               Hex            4%         N/A       58%         4


Dungeon Overview and Level Annotations

Branches:
Dungeon (2/15) Zot: 10988

Altars:


Innate Abilities, Weirdness & Mutations

You are small and have problems with some larger weapons.
You are completely attuned to the shadows.


Message History

You enter the shallow water.
Moving in this stuff is going to be slow.
You enter the shallow water.
Moving in this stuff is going to be slow.
You enter the shallow water.
Moving in this stuff is going to be slow.
You enter the shallow water.
Moving in this stuff is going to be slow.
Key pressed, stopping explore.
Partly explored, can't reach some places.
Partly explored, can't reach some places.
Partly explored, can't reach some places.
Partly explored, can't reach some places.
Partly explored, can't reach some places.
Partly explored, can't reach some places.
There is a stone staircase leading down here.
You climb downwards.
Found 9 gold pieces.
There is a stone staircase leading up here.
Found 16 gold pieces.
You now have 117 gold pieces (gained 9).
Found a club.
Key pressed, stopping explore.
You now have 133 gold pieces (gained 16).
You open the door.
There is an open door here.
Found a steaming trident.
An adder comes into view.
You shoot a sling bullet. The sling bullet hits the adder.
The adder hisses angrily.
You shoot a sling bullet.
The sling bullet completely misses the adder.
The adder barely misses you.
You shoot a sling bullet. The sling bullet hits the adder.
The adder bites you.
You are poisoned.
The adder poisons you!
You shoot a sling bullet. The sling bullet hits the adder!
You feel very sick. The adder barely misses you. x2
You shoot a sling bullet. The sling bullet misses the adder.
You feel sick. The adder misses you. The adder bites you.
* * * LOW HITPOINT WARNING * * *
You are lethally poisoned!
The adder poisons you!
It was a potion of flight.
You feel very buoyant.
You fly up into the air.
* * * LOW HITPOINT WARNING * * *
You feel sick. The adder misses you.
You aren't carrying any items that you can evoke.

#..... #.....
#)....
##+#+##.....
#.......@S...
#.#.#.#......
+#...#'#......
..............
).............
............#
####........#
#......<..#
...........#


You could see an adder.

Vanquished Creatures
  A dart slug (D:1)
  A ball python (D:1)
  An endoplasm (D:1)
  A hobgoblin (D:1)
  2 kobolds (D:1)
  2 quokkas (D:1)
  2 bats (D:1)
  A goblin (D:1)
11 creatures vanquished.

Notes
Turn   | Place    | Note
-------+----------+-------------------------------------------
     0 | D:1      | GeoRichter the Kobold Arcane Marksman began the quest for
                  | the Orb.
     0 | D:1      | Reached XP level 1. HP: 12/12 MP: 2/2
    25 | D:1      | Reached skill level 1 in Stealth
    28 | D:1      | Reached XP level 2. HP: 9/16 MP: 1/3
   995 | D:2      | Quit the game

Illustrated notes

Levels and vault maps discovered:
D:1:      lemuel_arrival_lava_pool, layout_loops_cross, chequers_big_river
D:2:      layout_basic, basic_ecumenical_altar, basic_altar,
          palyth_stone_intersect, uniq_jessica

Skill      XL: |  1  2 |
---------------+-------+-----
Stealth        | 2 3 |  3.1
Fighting       | |  1.1
Ranged Weapons | |  2.6
Dodging        | |  2.4
Spellcasting   | |  1.1
Hexes          | |  3.0

Action                   || total
-------------------------++-------
 Fire: Sling             ||    33
 Cast: Slow              ||     2
  Use: Potion            ||     1
Armor: Robe              ||     4
Dodge: Dodged            ||    22
